 Dungeon Crawl Stone Soup version 0.19-a0-811-gf4045fb (webtiles) character file.

83342 George the Severer (level 15, -15/138 HPs)
             Began as a Hill Orc Fighter on June 28, 2016.
             Was the Champion of Qazlal.
             Killed from afar by a fire giant (24 damage)
             ... with a fireball
             ... on level 15 of the Dungeon.
             The game lasted 00:59:20 (23956 turns).

George the Severer (Hill Orc Fighter)              Turns: 23956, Time: 00:59:21

Health: -15/138    AC: 23    Str: 24    XL:     15   Next: 76%
Magic:  35/35      EV:  7    Int:  8    God:    Qazlal [******]
Gold:   2395       SH: 28    Dex: 19    Spells: 0 memorised, 14 levels left

rFire  . . .     SeeInvis .     s - +1 war axe "Qooder" {drain, Fragile +Inv Str+4}
rCold  + . .     Gourm    .     r - +0 plate armour
rNeg   . . .     Faith    .     g - +2 shield
rPois  +         Spirit   .     u - +1 hat {MR+}
rElec  .         Dismiss  .     w - +0 cloak
rCorr  .         Reflect  +     C - +2 pair of gloves
SustAt .         Harm     .     b - +0 pair of boots {run}
MR     ++...                    G - +4 amulet of reflection
Stlth  ..........               c - ring "Liphel" {rC+ MP+9 Str-4 Dex+7}
                                M - ring of poison resistance

@: repel missiles, quick, very resistant to hostile enchantments, extremely
unstealthy
A: no striking features
a: Upheaval, Elemental Force, Disaster Area, Renounce Religion, Evoke
Invisibility


You were on level 15 of the Dungeon.
You worshipped Qazlal.
Qazlal was exalted by your worship.
You were not hungry.

You visited 4 branches of the dungeon, and saw 24 of its levels.
You also visited: Labyrinth.

You collected 2395 gold pieces.

Inventory:

Hand Weapons
 a - a +1 war axe
 n - a +1 morningstar of holy wrath
 s - the +1 war axe "Qooder" (weapon) {drain, Fragile +Inv Str+4}
   (You acquired it on level 15 of the Dungeon)

   A truly terrible weapon, it drains the life of those it strikes.
   It affects your strength (+4).
   It lets you turn invisible.
   It will be destroyed if unequipped.
 t - the +0 great mace "Punkyh" {holy, SInv, unknown}
   (You took it off a minotaur in a labyrinth)

   It has been blessed by the Shining One to cause great damage to the undead
   and demons.
   It lets you see invisible.
 E - a +0 morningstar of crushing
Armour
 b - a +0 pair of boots of running (worn)
 g - a +2 shield (worn)
 r - a +0 plate armour (worn)
 u - a +1 hat of magic resistance (worn)
 w - a +0 cloak (worn)
 C - a +2 pair of gloves (worn)
Rods
 W - a +0 rod of ignition (13/13)
   (You found it on level 8 of the Dungeon)
Jewellery
 c - the ring "Liphel" (right hand) {rC+ MP+9 Str-4 Dex+7}
   (You took it off a minotaur in a labyrinth)

   [ring of protection from cold]

   It affects your strength (-4).
   It affects your dexterity (+7).
   It protects you from cold.
   It affects your magic capacity (+9).
 z - an uncursed ring of resist corrosion
 A - an uncursed ring of positive energy
 D - an uncursed amulet of regeneration
 G - a +4 amulet of reflection (around neck)
 K - an uncursed ring of see invisible
 M - a ring of poison resistance (left hand)
Wands
 h - a wand of disintegration (11/24)
 p - a wand of teleportation (6/9)
 y - a wand of iceblast (7/15)
 T - a wand of acid (7/15)
 Y - a wand of digging (4/24)
Scrolls
 j - a scroll of immolation
 x - 7 scrolls of fear
 B - 6 scrolls of fog
 F - 4 scrolls of magic mapping
 I - 5 scrolls of remove curse
 J - 4 scrolls of blinking
 N - 3 scrolls of recharging
 O - 4 scrolls of enchant armour
 U - 3 scrolls of enchant weapon
 V - 7 scrolls of teleportation
Potions
 d - 2 potions of might
 e - 3 potions of agility
 l - 6 potions of invisibility
 q - 4 potions of heal wounds
 v - 2 potions of mutation
 L - 2 potions of cure mutation
 Q - 5 potions of ambrosia
 R - 5 potions of flight
 S - a potion of magic
 X - a potion of haste
 Z - 3 potions of curing
Comestibles
 f - 11 bread rations
 i - 5 chunks of flesh
 k - 16 meat rations
 m - a royal jelly
 o - a slice of pizza
 H - 64 fruits
 P - 8 beef jerkies


   Skills:
 + Level 14.1 Fighting
 + Level 17.4 Axes
 + Level 13.1 Armour
 + Level 13.1 Shields
 + Level 15.5 Invocations


You had 14 spell levels left.
You didn't know any spells.

Dungeon Overview and Level Annotations

Branches:
Dungeon (15/15)            Temple (1/1) D:4            Lair (6/6) D:9
 Shoals (0/4) Lair:2        Snake (0/4) Lair:3        Slime (0/5) Lair:5
    Orc (2/2) D:12            Elf (0/3) Orc:2        Vaults (0/5) D:14
 Depths (0/5) D:15

Altars:
Ashenzari
Cheibriados
Dithmenos
Elyvilon
Fedhas
Gozag
Hepliaklqana
Kikubaaqudgha
Makhleb
Nemelex Xobeh
Okawaru
Pakellas
Qazlal
Ru
Sif Muna
Trog
Uskayaw
Vehumet
Xom
Yredelemnul
Zin
The Shining One
Beogh

Shops:
D:6 :   D:7 (   D:11 ?(!}   Orc:2 ?:[(


Message History

The fire giant burns you!
* * * LOW HITPOINT WARNING * * *
You feel much better.
The fire giant is engulfed in freezing vapours.
You block the fire giant's attack.
You hit the fire giant.
The fire giant is severely wounded.
You hit the fire giant but do no damage.
The fire giant is severely wounded.
The fire giant points at you and mumbles some strange words.
The fireball explodes!
The fireball engulfs you!
* * * LOW HITPOINT WARNING * * *
You hear a sizzling sound!
The fireball engulfs the fire giant.
The fire giant resists.
The fire giant shouts!
You slash the fire giant! You drain the fire giant!
The fire giant is almost dead.
The fire giant points at you and mumbles some strange words.
The fireball explodes!
The fireball engulfs you!
You die...

.*#.####..#,***,*,,,*
.##.(........**,*...*
.##..≈)≈.§§§.,*,*(.<*
.#.().≈≈#§§...,,*#.#* #####
.#)≈)#≈§≈§§#.§,**#.# #...#
.#..§≈≈≈≈§≈§≈..* #.# #...#
..(≈§§≈C.[≈§§..###.# ####...####
.(..#§≈C>..≈.≈..##.###.........#
H#.≈§≈≈Z..≈.≈..C@..............#
.#§§§§≈≈≈§≈≈≈..#######.........#
.#§§.#≈≈≈≈≈#.≈.# ####...####
.#...§§≈#≈≈....# ########...#
.##.§§.≈.≈.§..#* #..........#
.............#* #.######..##
...........### *,* ####..#
#####.##.#.# *,* #.....# ..#
#.##.#.# *,* #.##.##


You could see a fire giant.

Vanquished Creatures
  Gastronok (Lair:1)
  An ettin (Orc:1)
  Erolcha (Orc:1)
  A minotaur (Lab)
  The ghost of Amnesiac the Lord of Darkness, a journeyman DEWz of Kikubaaqudgha (D:14)
  Josephine (Orc:1)
  Harold (Lair:3)
  4 hydras
  3 centaur warriors
  4 catoblepae
  A tengu warrior (D:10)
  18 death yaks
  4 orc high priests
  Sonja (Lair:4)
  An unseen horror (shapeshifter) (D:15)
  6 hill giants
  A necromancer (D:14)
  5 orc knights
  3 deep elf magi
  3 cyclopes
  6 orc sorcerers (Orc:2)
  2 ugly things
  2 manticores (D:15)
  2 gargoyles
  6 elephants (Lair:6)
  Joseph (D:8)
  7 black mambas
  4 spiny frogs
  6 komodo dragons
  A rime drake (Lair:6)
  An efreet (D:13)
  3 trolls
  2 polar bears (Lair:1)
  Grinder (D:5)
  18 blink frogs
  8 slime creatures
  A boulder beetle (Lair:4)
  A redback (Lab)
  2 wyverns
  2 shadows
  6 wraiths
  Grum (D:10)
  3 basilisks
  33 yaks
  7 hippogriffs
  4 hungry ghosts
  A steam dragon (D:13)
  A warg (Orc:2)
  10 water moccasins
  9 porcupines
  5 ice beasts
  2 wasps
  A sky beast (D:13)
  22 orc warriors
  3 black bears
  12 ogres
  21 wolves
  2 phantoms
  A necrophage (D:9)
  10 centaurs
  11 crocodiles
  5 big kobolds
  19 giant frogs
  A water moccasin zombie (D:11)
  2 scorpions
  4 killer bees (D:11)
  5 wights
  5 electric eels
  4 howler monkeys
  7 crimson imps
  A centaur zombie (D:8)
  3 giant frog zombies
  21 orc priests
  2 giant frog skeletons
  13 hounds
  4 jellies
  9 centaur skeletons
  34 orc wizards
  8 iguanas
  10 worker ants
  23 sheep
  2 hound skeletons
  Robin (D:4)
  2 worker ant zombies
  14 adders
  26 river rats
  6 shadow imps
  3 oozes (Lair:5)
  2 adder skeletons
  2 worms
  5 dart slugs
  3 giant geckos
  80 orcs
  A ball python (D:2)
  4 giant cockroaches
  16 goblins
  9 hobgoblins
  A jackal (D:11)
  2 quokkas
  A ball python skeleton (D:4)
  8 bats
  A giant gecko skeleton (D:5)
  7 giant newts
  23 kobolds
  7 rats
  A bush (Lair:3)
  36 fungi
  19 plants
764 creatures vanquished.

Vanquished Creatures (collateral kills)
  A hydra (Lair:4)
  A catoblepas (Lair:4)
2 creatures vanquished.

Vanquished Creatures (others)
  A cyclops (D:15)
  A troll (D:11)
  11 centaurs
  A worker ant (D:13)
  2 kobolds (D:12)
  8 fungi
  4 plants
28 creatures vanquished.

Grand Total: 794 creatures vanquished

Notes
Turn   | Place    | Note
--------------------------------------------------------------
     0 | D:1      | George the Hill Orc Fighter began the quest for the Orb.
     0 | D:1      | Reached XP level 1. HP: 19/19 MP: 1/1
    49 | D:1      | Reached skill level 3 in Axes
    85 | D:1      | Reached XP level 2. HP: 26/26 MP: 2/2
   128 | D:1      | Reached skill level 4 in Axes
   499 | D:2      | Reached XP level 3. HP: 29/31 MP: 3/3
   576 | D:2      | Reached skill level 5 in Axes
   914 | D:2      | Reached XP level 4. HP: 39/39 MP: 4/4
  1022 | D:2      | Reached skill level 6 in Axes
  1370 | D:3      | Found an iron altar of Okawaru.
  1701 | D:3      | Found a glowing golden altar of the Shining One.
  1701 | D:3      | Found a deep blue altar of Sif Muna.
  1766 | D:3      | Reached XP level 5. HP: 20/45 MP: 5/5
  2205 | D:4      | Found a glowing silver altar of Zin.
  2205 | D:4      | Noticed an angel
  2273 | D:4      | Reached skill level 7 in Axes
  2407 | D:4      | Found a shattered altar of Ashenzari.
  2445 | D:4      | Reached skill level 8 in Axes
  2445 | D:4      | Reached XP level 6. HP: 39/51 MP: 6/6
  2507 | D:4      | Noticed a phantom
  2523 | D:4      | Killed a phantom
  2523 | D:4      | Reached skill level 9 in Axes
  2760 | D:4      | Noticed Robin
  2794 | D:4      | Killed Robin
  2794 | D:4      | Reached XP level 7. HP: 57/57 MP: 7/7
  2845 | D:4      | Reached skill level 10 in Axes
  2946 | D:3      | Found a hide-covered altar of Uskayaw.
  3726 | D:4      | Found a staircase to the Ecumenical Temple.
  3737 | Temple   | Entered the Ecumenical Temple
  3817 | Temple   | Became a worshipper of Qazlal Stormbringer
  3932 | D:5      | Entered Level 5 of the Dungeon
  4261 | D:5      | Reached skill level 1 in Invocations
  4307 | D:5      | Noticed Grinder
  4307 | D:5      | Paralysed by Grinder for 7 turns
  4328 | D:5      | Killed Grinder
  4328 | D:5      | Reached skill level 11 in Axes
  4328 | D:5      | Reached XP level 8. HP: 30/66 MP: 9/9
  5169 | D:6      | Reached skill level 5 in Fighting
  5354 | D:6      | Found a sparkling altar of Nemelex Xobeh.
  5562 | D:6      | Reached * piety under Qazlal
  5730 | D:6      | Found Ratex's Book Boutique.
  6034 | D:7      | Reached skill level 5 in Armour
  6034 | D:7      | Reached XP level 9. HP: 64/74 MP: 12/12
  6035 | D:7      | Reached skill level 5 in Shields
  6155 | D:7      | Reached skill level 5 in Invocations
  6337 | D:7      | Found Haotuahe's Weapon Boutique.
  6443 | D:8      | Reached skill level 12 in Axes
  6455 | D:8      | Reached ** piety under Qazlal
  6541 | D:8      | Noticed Joseph
  6551 | D:8      | Killed Joseph
  6551 | D:8      | Reached XP level 10. HP: 48/86 MP: 10/14
  6624 | D:8      | Identified a +0 rod of ignition (13/13) (You found it on level 8 of the Dungeon)
  7257 | D:9      | Reached *** piety under Qazlal
  7345 | D:9      | HP: 1/88 [orc wizard/puff of flame (8)]
  7595 | D:9      | Found a radiant altar of Vehumet.
  7606 | D:9      | Found a staircase to the Lair.
  7948 | D:10     | Entered Level 10 of the Dungeon
  8128 | D:10     | Noticed a gargoyle
  8138 | D:10     | Killed a gargoyle
  8138 | D:10     | Reached skill level 13 in Axes
  8169 | D:10     | Noticed a tengu warrior
  8489 | D:10     | Killed a tengu warrior
  8489 | D:10     | Reached XP level 11. HP: 73/95 MP: 17/17
  8925 | D:10     | Noticed Grum
  8940 | D:10     | Killed Grum
  9332 | D:10     | Reached **** piety under Qazlal
  9537 | D:11     | Noticed a red ugly thing
  9567 | D:10     | Killed a red ugly thing
  9672 | D:11     | Found Silil's Weapon Shop.
  9746 | D:11     | Found Hicinyni's Gadget Emporium.
  9831 | D:11     | Found Rane Xuf's Distillery.
  9938 | D:11     | Found Wumaph's Magic Scroll Shoppe.
 10278 | D:12     | Found an oddly glowing altar of Pakellas.
 10290 | D:12     | Noticed a deep elf mage
 10297 | D:12     | Noticed a hill giant
 10305 | D:12     | Killed a deep elf mage
 10305 | D:12     | Reached skill level 10 in Invocations
 10639 | D:11     | Killed a hill giant
 10839 | D:12     | Reached XP level 12. HP: 95/106 MP: 19/19
 10849 | D:12     | Reached skill level 14 in Axes
 10861 | D:12     | Reached ***** piety under Qazlal
 10952 | D:12     | Reached skill level 10 in Fighting
 11111 | D:12     | Found a staircase to the Orcish Mines.
 11191 | Lair:1   | Entered Level 1 of the Lair of Beasts
 11290 | Lair:1   | Noticed Gastronok
 11318 | Lair:1   | Killed Gastronok
 11580 | Lair:1   | Noticed a death yak
 11583 | Lair:1   | Noticed a death yak
 11585 | Lair:1   | Noticed a death yak
 11631 | Lair:1   | Killed a death yak
 11637 | Lair:1   | Killed a death yak
 11643 | Lair:1   | Killed a death yak
 11807 | Lair:1   | Noticed a death yak
 11807 | Lair:1   | Noticed a death yak
 11808 | Lair:1   | Noticed a death yak
 11841 | Lair:1   | Killed a death yak
 11841 | Lair:1   | Reached skill level 10 in Armour
 11841 | Lair:1   | Reached skill level 10 in Shields
 11841 | Lair:1   | Killed a death yak
 11850 | Lair:1   | Killed a death yak
 12411 | Lair:2   | Noticed a seven-headed hydra
 12428 | Lair:2   | Killed an eight-headed hydra
 12469 | Lair:2   | Reached XP level 13. HP: 69/116 MP: 21/21
 12732 | Lair:2   | Reached skill level 15 in Axes
 12852 | Lair:2   | Found a staircase to the Shoals.
 13435 | Lair:3   | Noticed Harold
 13460 | Lair:3   | Killed Harold
 14375 | Lair:3   | Found a staircase to the Snake Pit.
 14859 | Lair:4   | Noticed Sonja
 14921 | Lair:4   | Killed Sonja
 15956 | Lair:5   | Found a staircase to the Slime Pits.
 16867 | Lair:6   | Entered Level 6 of the Lair of Beasts
 17005 | Lair:6   | Reached XP level 14. HP: 117/126 MP: 23/23
 17145 | Lair:6   | Reached ****** piety under Qazlal
 17154 | Lair:6   | Reached skill level 16 in Axes
 17538 | Lair:6   | Found a bloodstained altar of Trog.
 18089 | Lair:6   | Identified a +0 pair of boots of running (You found it on level 6 of the Lair of Beasts)
 18676 | Orc:1    | Entered Level 1 of the Orcish Mines
 18698 | Orc:1    | Noticed Josephine
 18709 | Orc:1    | Noticed Erolcha
 18709 | Orc:1    | Killed Josephine
 18721 | Orc:1    | Killed Erolcha
 18742 | Orc:1    | Found a roughly hewn altar of Beogh.
 19005 | Orc:2    | Entered Level 2 of the Orcish Mines
 19059 | Orc:2    | Paralysed by an orc sorcerer for 7 turns
 19349 | Orc:2    | Found a staircase to the Elven Halls.
 19967 | Orc:2    | Reached XP level 15. HP: 128/136 MP: 25/25
 20787 | Orc:2    | Found Imyaruv's Antique Weapon Boutique.
 20791 | Orc:2    | Found Ystrick's Antique Armour Shoppe.
 20797 | Orc:2    | Found Miyra's Book Shoppe.
 20799 | Orc:2    | Found Oledenes's Magic Scroll Boutique.
 20963 | D:13     | Reached skill level 17 in Axes
 21068 | D:13     | Reached skill level 15 in Invocations
 22559 | D:14     | Noticed Amnesiac's ghost (journeyman DEWz)
 22597 | D:14     | Killed Amnesiac's ghost
 22623 | D:14     | Found a gate to the Vaults.
 22794 | D:15     | Entered Level 15 of the Dungeon
 22856 | D:15     | Found a labyrinth entrance.
 22865 | Lab      | Entered a labyrinth
 23329 | Lab      | Got a coiled tin ring
 23338 | Lab      | Identified the ring "Liphel" {rC+ MP+9 Str-4 Dex+7} (You took it off a minotaur in a labyrinth)
 23347 | Lab      | Got a wavering golden ring
 23350 | Lab      | Identified the ring "Vituufaj" {*Tele Str+4} (You found it in a labyrinth)
 23436 | Lab      | Got a slimy great mace {holy}
 23440 | Lab      | Identified a scroll of acquirement
 23455 | D:15     | Got a translucent war axe
 23456 | D:15     | Identified the +1 war axe "Qooder" {drain, Fragile +Inv Str+4} (You acquired it on level 15 of the Dungeon)
 23502 | D:15     | Found a staircase to the Depths.
 23506 | D:15     | Noticed a fire giant
 23956 | D:15     | Killed from afar by a fire giant

Vault maps used:
D:1:      tarquinn_simple_flora_water_e, minmay_misc_feat_doors
D:2:      minmay_pentomino_s2
D:3:      nicolae_overflow_hidden_temple, serial_glass, glass_columns_c,
          glass_columns_c, okawaru_metal_pillars_1_2
D:4:      zin_angel, ashenzari_conservatory_becter, first_bread,
          minmay_a_box_with_orc_wizards_in_it, uniq_robin
D:5:      uniq_grinder
D:6:      nicolae_overflow_crystal_walls, serial_shops, shop, minmay_crossroads
D:7:      serial_shops, shop_fountains, minmay_misc_feat_cross
D:8:      uniq_joseph
D:9:      erik_lair_island, basic_altar
D:10:     grunt_tengu_nest, uniq_grum
D:11:     serial_shops, nicolae_shop_statue_plus, shop, shop_coins, shop_scrolls
D:12:     orc_0_dummy, grunt_pakellas_salt
D:13:     nooodl_food_tri
D:14:     david_vaults_1
D:15:     grunt_enter_depths_giant_problem, lab_entry_generic, glass_columns_a,
          minivault_5, elyvilon_altar_5
Temple:   nicolae_temple_elliptical
Lair:1:   gammafunk_lair_bear_cave, uniq_gastronok
Lair:2:   minmay_shoals_entry_centaurs, serial_bayou_pond_d,
          grunt_forest_large_clearings, serial_bayou_shore_b, grunt_megastairs_2
Lair:3:   dummy_snake_entry, serial_bayou_shore_a, uniq_harold
Lair:4:   lookout_lair_type, lemuel_fruit_tree, uniq_sonja
Lair:5:   nicolae_slime_entry_slimehenge, eino_small_chamber_without_monster
Lair:6:   evilmike_catoblepas_cave, basic_altar
Orc:1:    basic_altar, uniq_erolcha, uniq_josephine
Orc:2:    st_orc_elflike, special_room, nicolae_orc_damp_corner
Lab:      labyrinth_watery, labyrinth_skeletal_remains, nicolae_lab_blocks,
          nicolae_lab_t_cross

Skill      XL: |  1  2  3  4  5  6  7  8  9 10 11 12 13 14 15 |
---------------+----------------------------------------------+-----
Axes           | 3 4 5 6 8 9 11 12 13 14 15 16 17 | 17.4
Invocations    | 2 4 6 8 10 11 13 14 15 | 15.5
Fighting       | 4 5 7 8 9 11 12 13 14 | 14.1
Armour         | 4 5 6 7 9 10 11 12 13 | 13.1
Shields        | 4 6 7 9 10 11 12 13 | 13.1

Action                   |  1- 3 |  4- 6 |  7- 9 | 10-12 | 13-15 || total
-------------------------+-------+-------+-------+-------+-------++-------
Melee: War axe           |   138 |   206 |   393 |   764 |  1322 ||  2823
       Morningstar       |       |       |       |     7 |    23 ||    30
Invok: Upheaval          |       |       |     1 |       |     1 ||     2
       Elemental Force   |       |       |       |       |     1 ||     1
       Disaster Area     |       |       |       |       |     2 ||     2
Evoke: Rod               |       |       |       |    10 |     3 ||    13
  Use: Scroll            |       |       |    21 |     8 |     6 ||    35
       Potion            |       |       |     1 |     1 |     1 ||     3
 Stab: Petrified         |       |       |       |       |     3 ||     3
       Petrifying        |       |       |       |       |     1 ||     1
  Eat: Chunk             |       |     7 |     9 |    23 |    40 ||    79
       Fruit             |       |       |     2 |       |       ||     2
       Bread ration      |       |       |     1 |       |       ||     1
       Royal jelly       |       |       |       |     1 |       ||     1
Armor: Scale mail        |    62 |       |       |       |       ||    62
       Plate armour      |    28 |    98 |   175 |   280 |   384 ||   965
Dodge: Dodged            |    36 |    28 |    39 |    94 |    93 ||   290
       Deflected         |       |       |       |     5 |     2 ||     7
Block: Shield            |    82 |   105 |   230 |   721 |  1181 ||  2319
       Reflection        |       |       |    15 |    35 |    62 ||   112
